 Dungeon Crawl Stone Soup version 0.31-a0-246-g8cbcc1cb85 (webtiles) character file.

Game seed: 5500951158838858715

55 Vomitron the Poker (level 3, -4/28 HPs)
             Began as a Demonspawn Gladiator on July 12, 2023.
             Was a Follower of Cheibriados.
             Slain by a goblin
             ... wielding a +0 club
             ... led by Robin
              (6 damage)
             ... on level 3 of the Dungeon.
             The game lasted 00:02:06 (1234 turns).

Vomitron the Poker (Demonspawn Gladiator)           Turns: 1234, Time: 00:02:06

Health: -4/28      AC:  4    Str: 19    XL:     3   Next: 67%
Magic:  0/3        EV:  9    Int: 12    God:    Cheibriados [*.....]
Gold:   100        SH:  0    Dex: 17    Spells: 2/2 levels left

rFire   . . .        a - +0 trident
rCold   . . .        (no shield)
rNeg    . . .        b - +0 leather armour
rPois   .            c - +0 helmet
rElec   .            (no cloak)
rCorr   .            (no gloves)
SInv    .            (no boots)
Will    .....        (no amulet)
Stlth   +            (no ring)
HPRegen 0.24/turn    (no ring)
MPRegen 0.08/turn

%: no passive effects
@: constricted, very slow
A: hooves 1
a: Renounce Religion, Bend Time


You were on level 3 of the Dungeon.
You worshipped Cheibriados.
Cheibriados was aware of your devotion.
You visited 1 branch of the dungeon, and saw 3 of its levels.

You collected 100 gold pieces.

Inventory:

Hand Weapons
 a - a +0 trident (weapon)
Missiles
 d - 3 throwing nets (quivered)
 e - a javelin
Armour
 b - a +0 leather armour (worn)
 c - a +0 helmet (worn)
Scrolls
 g - 2 scrolls of vulnerability {unknown}
 h - a scroll of immolation {unknown}
 i - a scroll of teleportation {unknown}
Potions
 f - a potion of heal wounds {unknown}
 j - a potion of degeneration {unknown}


   Skills:
 + Level 2.6 Fighting
 * Level 3.5 Polearms
 - Level 1.7 Throwing
 + Level 1.2 Armour
 - Level 2.6 Dodging
 + Level 0.7 Invocations


You had 2 spell levels left.
You didn't know any spells.
Your spell library was empty.

Dungeon Overview and Level Annotations

Branches:
Dungeon (3/15)

Altars:
Cheibriados

Annotations:
D:3 Robin


Innate Abilities, Weirdness & Mutations

You have large cloven feet.


Message History

The ball python bites you. The ball python constricts you.
The goblin hits you with a +0 club. Robin throws the goblin at you!
The goblin hits you but does no damage. The hobgoblin barely misses you.
The ball python bites you but does no damage.
The ball python constricts you.
Unknown command.
You fail to use your ability.
The hobgoblin closely misses you. The goblin hits you with a +0 club.
The goblin barely misses you. The hobgoblin closely misses you.
The ball python barely misses you. The ball python constricts you.
Unknown command.
Unknown command.
The flow of time bends around you.
Cheibriados rebukes the ball python.
The ball python seems to slow down.
Cheibriados rebukes the hobgoblin.
The hobgoblin seems to slow down.
Cheibriados rebukes the goblin.
The goblin seems to slow down.
Cheibriados rebukes the goblin.
The goblin seems to slow down.
Cheibriados rebukes the hobgoblin.
The hobgoblin seems to slow down.
The goblin hits you with a +0 club.
* * * LOW HITPOINT WARNING * * *
The hobgoblin hits you but does no damage.
The ball python bites you.
* * * LOW HITPOINT WARNING * * *
The ball python constricts you. The goblin hits you but does no damage.
The hobgoblin barely misses you.
Unknown command.
Unknown command.
Unknown command.
You hit the goblin. You kick the goblin.
You kill the goblin!
Robin throws the goblin at you! The goblin barely misses you.
The hobgoblin hits you.
* * * LOW HITPOINT WARNING * * *
The ball python barely misses you. The ball python constricts you.
The goblin hits you with a +0 club.
You die...

.........#[# ...#..
###......#.#### ......#
#...####<.....# .......
..## ###......# ....... ##
##........# .......
###..#......#
.......#######...##......#
...:..ggSgg..............#
......ggg@g....##........#
....).g######### ........#
....... ........# .......
..#......# ....S.. #######
.....## ..... ..?..


You could see Robin, 4 hobgoblins, 4 goblins and a ball python (slow).

Vanquished Creatures
  2 adders
  2 dart slugs
  2 ball pythons (D:1)
  3 endoplasms
  2 giant cockroaches (D:1)
  4 goblins
  2 hobgoblins (D:1)
  5 kobolds
  2 quokkas
  3 bats
  4 rats
31 creatures vanquished.

Notes
Turn   | Place    | Note
-------+----------+-------------------------------------------
     0 | D:1      | Vomitron the Demonspawn Gladiator began the quest for the
                  | Orb.
     0 | D:1      | Reached XP level 1. HP: 16/16 MP: 1/1
   100 | D:1      | Reached skill level 3 in Polearms
   115 | D:1      | Gained mutation: You have large cloven feet. [demonic
                  | ancestry]
   115 | D:1      | Reached XP level 2. HP: 22/22 MP: 2/2
   551 | D:2      | Found a faded altar of an unknown god.
   566 | D:2      | Prayed at the altar of an unknown god.
   566 | D:2      | Became a worshipper of Cheibriados the Contemplative
   566 | D:2      | Reached * piety under Cheibriados
   764 | D:2      | Reached skill level 1 in Armour
   764 | D:2      | Reached XP level 3. HP: 28/28 MP: 3/3
  1223 | D:3      | Noticed Robin
  1234 | D:3      | Slain by a goblin

Illustrated notes

Levels and vault maps discovered:
D:1:      dpeg_arrival_radiant, layout_rooms
D:2:      layout_basic, basic_ecumenical_altar, minmay_pentomino_r2
D:3:      layout_rooms, nicolae_kikubaaqudgha_miasma_corner,
          minmay_misc_feat_ornament, hangedman_glass_teeth, uniq_robin,
          uniq_grinder, uniq_jessica

Skill      XL: |  1  2 |
---------------+-------+-----
Polearms       | 3 |  3.5
Armour         | 1 |  1.2
Fighting       | |  2.6
Throwing       | |  1.7
Dodging        | |  2.6
Invocations    | |  0.7

Action                     || total
---------------------------++-------
  Melee: Trident           ||    79
         Punch             ||     1
         Kick              ||     3
 Invoke: Bend Time         ||     1
   Stab: Sleeping          ||     2
 Armour: Leather armour    ||    33
  Dodge: Dodged            ||    51

Table legend: (Time is in decaauts)
 A = Elapsed time spent in this place.
 B = Non-inter-level travel time spent in this place.
 C = Inter-level travel time spent in this place.
 D = Time resting spent in this place.
 E = Time spent auto-exploring this place.
 F = Levels seen in this place.
 G = Mean time per level.
                   A        B        C        D        E       F      G
               +--------+--------+--------+--------+--------+-----+--------+
         Total |   1485 |   1402 |     83 |     31 |   1145 |   3 |  495.0 |
       Dungeon |   1485 |   1402 |     83 |     31 |   1145 |   3 |  495.0 |
               +--------+--------+--------+--------+--------+-----+--------+

Top non-repeatable levels by time:
     D:2: 899 daAuts
     D:1: 528 daAuts
     D:3: 58 daAuts
